 Dungeon Crawl Stone Soup version 0.31-a0-188-g5e087ee2ca (webtiles) character file.

Game seed: 2338150507621697176

399 qw the Skirmisher (level 6, -3/35 HPs)
             Began as a Deep Elf Hunter on June 22, 2023.
             Slain by Pikel
             ... wielding a +1 whip of flaming
              (6 damage)
             ... on level 5 of the Dungeon.
             The game lasted 00:01:23 (3258 turns).

qw the Skirmisher (Deep Elf Hunter)                 Turns: 3258, Time: 00:01:23

Health: -3/35      AC: 15    Str: 10    XL:     6   Next: 53%
Magic:  8/8        EV:  9    Int: 17    God:
Gold:   324        SH:  0    Dex: 18    Spells: 5/5 levels left

rFire   . . .        Y - +0 shortbow
rCold   . . .        (shield currently unavailable)
rNeg    . . .        g - +8 scale mail of Virtue {rElec Int+3}
rPois   .            f - +0 helmet
rElec   +            (no cloak)
rCorr   .            (no gloves)
SInv    .            (no boots)
Will    .....        (no amulet)
Stlth   +            (no ring)
HPRegen 0.25/turn    (no ring)
MPRegen 0.11/turn

%: no passive effects
@: no status effects
A: no striking features
a: no special abilities


You were on level 5 of the Dungeon.
You visited 1 branch of the dungeon, and saw 5 of its levels.

You collected 324 gold pieces.


   Skills:
 - Level 2.0 Fighting
 + Level 9.9 Ranged Weapons
 - Level 1.1 Armour
 - Level 2.4 Dodging
 - Level 1.2 Stealth


You had 5 spell levels left.
You didn't know any spells.
Your spell library was empty.

Inventory:

Hand Weapons
 Y - a +0 shortbow (weapon)
Armour
 f - a +0 helmet (worn)
 g - the +8 scale mail of Virtue (worn) {rElec Int+3}
   (You found it on level 2 of the Dungeon)

   Int:       It affects your intelligence (+3).
   rElec:     It insulates you from electricity.
Scrolls
 a - a scroll of identify
Potions
 b - a potion of haste
 c - a potion of curing {unknown}
 d - 2 potions of might
 e - a potion of berserk rage {unknown}
 h - a potion of attraction {unknown}

Dungeon Overview and Level Annotations

Branches:
Dungeon (5/15)
 Temple: D:4-7

Altars:
Elyvilon

Annotations:
D:3 2 transporters, qw's ghost, weakling DEHu
D:5 Pikel


Message History

Pikel says, "You'll freeze in Cocytus!"
Pikel closely misses you.
You shoot an arrow. The arrow hits Pikel.
Pikel is moderately wounded.
Pikel hits you with a +1 whip of flaming.
Pikel burns you. Pikel hits you but does no damage.
You shoot an arrow.
The arrow hits Pikel but does no damage.
Pikel is moderately wounded.
Pikel hits you with a +1 whip of flaming.
Pikel burns you.
You shoot an arrow. The arrow closely misses Pikel.
The arrow closely misses the lemure.
Pikel misses you.
You shoot an arrow.
The arrow hits Pikel but does no damage.
Pikel is moderately wounded.
Pikel closely misses you.
You shoot an arrow. The arrow closely misses Pikel.
The arrow hits the lemure.
The lemure is moderately wounded.
Pikel hits you but does no damage.
You shoot an arrow. The arrow hits Pikel.
Pikel is moderately wounded.
Pikel hits you but does no damage. x2
You shoot an arrow. The arrow barely misses Pikel.
The arrow hits the lemure!
The lemure is heavily wounded.
Pikel barely misses you.
An adder comes into view.
You shoot an arrow. The arrow barely misses Pikel.
The arrow barely misses the lemure.
The adder hisses angrily.
Pikel hits you but does no damage.
You shoot an arrow.
The arrow hits Pikel but does no damage.
Pikel is moderately wounded.
Pikel hits you but does no damage.
You shoot an arrow. The arrow hits Pikel.
Pikel is moderately wounded.
Pikel hits you with a +1 whip of flaming.
You die...

.## ... #.# . #.#
.. #.# #S#
##.#####55o#
##..#..@K5#
#.....##### ###
#...### #.. #..##
#.##### #..#
#.....# ##.##
#..##.# #..#
#..##.# #..######
..)##.###.........


You could see Pikel, 3 lemures, an adder and an orc.

Vanquished Creatures
  A black bear (D:3)
  A lemure (D:5)
  A jelly (D:4)
  2 hounds
  An iguana (D:5)
  Robin (D:2)
  3 gnolls (D:4)
  7 adders
  2 worms (D:2)
  A dart slug (D:1)
  2 orcs
  6 bats
  2 endoplasms
  4 giant cockroaches
  13 goblins
  13 hobgoblins
  4 jackals
  2 quokkas
  7 ball pythons
  4 frilled lizards
  9 kobolds
  6 rats
92 creatures vanquished.

Notes
Turn   | Place    | Note
-------+----------+-------------------------------------------
     0 | D:1      | qw the Deep Elf Hunter began the quest for the Orb.
     0 | D:1      | Reached XP level 1. HP: 12/12 MP: 3/3
     0 | D:1      | 0 ||| qw: Version: 0.3-a-9-g12657ce
     0 | D:1      | 0 ||| qw: Game counter: 2914
     0 | D:1      | 0 ||| qw: Always use a shield: true
     0 | D:1      | 0 ||| qw: God list: Okawaru
     0 | D:1      | 0 ||| qw: Allow faded altars: false
     0 | D:1      | 0 ||| qw: Do Orc after D:15 true
     0 | D:1      | 0 ||| qw: Do second Lair branch before Depths: true
     0 | D:1      | 0 ||| qw: Lair rune preference: random
     0 | D:1      | 0 ||| qw: Plans: Normal
     0 | D:1      | 0 ||| PLANNING D:1-11
   160 | D:1      | Reached skill level 6 in Ranged Weapons
   160 | D:1      | Reached XP level 2. HP: 9/16 MP: 4/4
   571 | D:1      | Found a faded altar of an unknown god.
   891 | D:1      | 891 ||| READING 4 scrolls labelled BUPNEURYUNT.
   892 | D:1      | 892 ||| READING scroll labelled YGUNAQ OCIUFUR.
   893 | D:1      | 893 ||| READING scroll labelled GEXZID ACIUKH.
   896 | D:1      | 896 ||| READING scroll labelled UCWIOF YRHASIBB.
   897 | D:1      | 897 ||| READING scroll labelled GAISSU XERUGEGOY.
   898 | D:1      | 898 ||| READING 3 scrolls of identify.
   898 | D:1      | 898 ||| IDENTIFYING smoky orange potion
   899 | D:1      | 899 ||| DROPPING scroll of butterflies.
   900 | D:1      | 900 ||| DROPPING potion of lignification.
  1015 | D:2      | Reached XP level 3. HP: 20/20 MP: 5/5
  1237 | D:2      | Reached skill level 7 in Ranged Weapons
  1351 | D:2      | Identified the +8 scale mail of Virtue {rElec Int+3}
  1405 | D:2      | Noticed Robin
  1410 | D:2      | Reached XP level 4. HP: 25/25 MP: 6/6
  1413 | D:2      | Killed Robin
  1418 | D:2      | HP: 6/25 [hobgoblin[Robin] (5)]
  1419 | D:2      | 1419 ||| READING scroll of teleportation.
  1436 | D:2      | 1436 ||| FLEEEEING.
  1437 | D:2      | 1437 ||| FLEEEEING.
  1438 | D:2      | 1438 ||| FLEEEEING.
  1742 | D:2      | 1742 ||| UPGRADING to +0 helmet.
  1747 | D:2      | 1747 ||| UPGRADING to +8 scale mail of Virtue {rElec
                  | Int+3}.
  1757 | D:2      | 1757 ||| DROPPING +0 leather armour.
  1758 | D:2      | 1758 ||| DROPPING +6 ring of intelligence.
  1759 | D:2      | 1759 ||| READING 3 scrolls of identify.
  1759 | D:2      | 1759 ||| IDENTIFYING ruby potion
  1760 | D:2      | 1760 ||| READING 2 scrolls of identify.
  1760 | D:2      | 1760 ||| IDENTIFYING bubbling emerald potion
  1761 | D:2      | 1761 ||| DROPPING potion of ambrosia.
  1841 | D:3      | Reached skill level 8 in Ranged Weapons
  1849 | D:3      | Found a transporter.
  1855 | D:3      | Found a transporter.
  1855 | D:3      | Noticed qw's ghost (weakling DEHu)
  2190 | D:3      | 2190 ||| READING scroll labelled QEXKITWO UXZA.
  2212 | D:4      | Noticed a black bear
  2214 | D:4      | 2214 ||| STAIRDANCE
  2216 | D:3      | HP: 6/25 [black bear (3)]
  2218 | D:3      | HP: 2/25 [black bear (1)]
  2221 | D:3      | Killed a black bear
  2222 | D:3      | Reached skill level 9 in Ranged Weapons
  2222 | D:3      | Reached XP level 5. HP: 4/29 MP: 7/7
  2386 | D:4      | Reached skill level 1 in Armour
  2390 | D:4      | Reached XP level 6. HP: 27/35 MP: 8/8
  2486 | D:4      | 2486 ||| FLEEEEING.
  2487 | D:4      | 2487 ||| FLEEEEING.
  2491 | D:4      | 2491 ||| STAIRDANCE
  2515 | D:4      | Found a white marble altar of Elyvilon.
  2988 | D:4      | 2988 ||| READING 2 scrolls of identify.
  2988 | D:4      | 2988 ||| IDENTIFYING yellow potion
  3022 | D:5      | Entered Level 5 of the Dungeon
  3223 | D:5      | Noticed Pikel
  3245 | D:5      | HP: 8/35 [Pikel/+1 whip of flaming (1)]
  3249 | D:5      | HP: 3/35 [Pikel/+1 whip of flaming (1)]
  3250 | D:5      | HP: 1/35 [Pikel/+1 whip of flaming (1)]
  3258 | D:5      | Slain by Pikel

Levels and vault maps discovered:
D:1:      ncdulo_watergridlock, layout_basic, basic_ecumenical_altar,
          minmay_gold_behind_fungi
D:2:      layout_loops_cross, uniq_robin
D:3:      layout_basic, gammafunk_ghost_arena
D:4:      layout_rooms, elyvilon_altar_5
D:5:      layout_rooms, uniq_pikel

Skill      XL: |  1  2  3  4  5 |
---------------+----------------+-----
Ranged Weapons | 6 7 9 |  9.9
Armour         | 1 |  1.1
Fighting       | 2 |  2.0
Dodging        | |  2.4
Stealth        | |  1.2

Action                     |  1- 3 |  4- 6 || total
---------------------------+-------+-------++-------
   Fire: Shortbow          |   112 |   216 ||   328
    Use: Scroll            |     6 |     5 ||    11
 Armour: Leather armour    |    11 |     2 ||    13
         Scale mail        |       |   104 ||   104
  Dodge: Dodged            |    22 |    80 ||   102

Table legend:
 A = Non-vault XP
 B = Vault XP
 C = Vault XP percentage of total XP
 D = Non-vault monster count
 E = Vault monster count
 F = Vault count percentage of total count
                 A         B        C        D         E       F
            +---------+---------+-------+---------+---------+-------
      Total |     531 |      39 |   6.8 |      78 |      13 |  14.3
            +---------+---------+-------+---------+---------+-------
        D:1 |      32 |       0 |   0.0 |      19 |       0 |   0.0
        D:2 |      58 |      39 |  40.2 |      18 |      13 |  41.9
        D:3 |     180 |       0 |   0.0 |      18 |       0 |   0.0
        D:4 |     182 |       0 |   0.0 |      21 |       0 |   0.0
        D:5 |      79 |       0 |   0.0 |       2 |       0 |   0.0
            +---------+---------+-------+---------+---------+-------
